 Dungeon Crawl Stone Soup version 0.30-a0-6-g7c9e10e132 (webtiles) character file.

Game seed: 207358309780122282

21 SensoryNuts the Trooper (level 2, -1/27 HPs)
             Began as a Draconian Fighter on Aug 22, 2022.
             Succumbed to a kobold's poison
             ... on level 1 of the Dungeon.
             The game lasted 00:00:29 (590 turns).

SensoryNuts the Trooper (Draconian Fighter)          Turns: 590, Time: 00:00:30

Health: -1/27      AC:  4    Str: 18    XL:     2   Next: 62%
Magic:  2/2        EV: 12    Int:  8    God:
Gold:   39         SH:  4    Dex: 10    Spells: 1/1 levels left

rFire   . . .      SeeInvis .    a - +0 war axe
rCold   . . .      Faith    .    b - +0 buckler
rNeg    . . .      Spirit   .    (body armour unavailable)
rPois   .          Reflect  .    (helmet restricted)
rElec   .          Harm     .    (no cloak)
rCorr   .          Rampage  .    (no gloves)
Will    .....                    (no boots)
Stlth   +.........               (no amulet)
HPRegen 0.09/turn                (no ring)
MPRegen 0.08/turn                (no ring)

@: mighty, lethally poisoned (-1 -> -16)
A: AC +4, unfitting armour, cold-blooded
a: no special abilities


You were on level 1 of the Dungeon.
You visited 1 branch of the dungeon, and saw 1 of its levels.

You collected 39 gold pieces.

Inventory:

Hand Weapons
 a - a +0 war axe (weapon)
Armour
 b - a +0 buckler (worn)
Scrolls
 e - a scroll of immolation {unknown}
 f - a scroll of brand weapon {unknown}
 i - a scroll of identify {unknown}
Potions
 c - a potion of might
 d - a potion of brilliance {unknown}
 g - a potion of heal wounds {unknown}
 h - a potion of attraction {unknown}


   Skills:
 + Level 3.6 Fighting
 + Level 2.3 Axes
 + Level 2.9 Dodging
 + Level 3.2 Shields


You had one spell level left.
You didn't know any spells.
Your spell library was empty.

Dungeon Overview and Level Annotations

Branches:
Dungeon (1/15)

Altars:

Shops:
D:1 *


Innate Abilities, Weirdness & Mutations

Your plain brown scales are hard. (AC +4)
You cannot fit into any form of body armour.
You are cold-blooded and may be slowed by cold attacks.


Message History

A kobold comes into view. It is wielding a +4 dagger of venom.
The kobold shouts!
The kobold moves out of view.
You now have 39 gold pieces (gained 17).
The kobold throws a stone.
The stone barely misses you.
Found 3 stones.
A bat comes into view.
The kobold hits you but does no damage.
You are poisoned.
You miss the kobold.
You feel very sick. The kobold closely misses you.
You closely miss the kobold.
You feel sick.
The kobold hits you with a +4 dagger of venom.
You are more poisoned.
The kobold barely misses you.
You barely miss the kobold.
You feel very sick.
The kobold hits you with a +4 dagger of venom.
You are lethally poisoned!
You miss the kobold.
You feel very sick.
The kobold hits you with a +4 dagger of venom.
* * * LOW HITPOINT WARNING * * *
You are more poisoned.
The bat closely misses you. The kobold barely misses you.
You are too injured to fight recklessly!
You are too injured to fight recklessly!
You are too injured to fight recklessly!
You are too injured to fight recklessly!
There is a lethal amount of poison in your body!
There is a lethal amount of poison in your body!
There is a lethal amount of poison in your body!
You are too injured to fight recklessly!
You feel very mighty all of a sudden.
* * * LOW HITPOINT WARNING * * *
You feel very sick. The bat hits you but does no damage.
The kobold closely misses you.
You closely miss the kobold.
You die...

########## #### #......... ....
#.######## .#. # ( ##.# ..#. ..
...##############...#... .#
###.............#.#..#.. ..#
#.#############K....#. .... #.#
#..@......# #.#.# #.#
#.#..b..........#
###.##########.....#...#..#.#
....#...........>...#....#.# #.#
.#.......#..[........รทรท#..# #.#
.#>##.##...###...........######.#
.#.##.##.#####.#.......###......#
...##.#.#.. ......##......)###.#
......##.## ##.###..#..####.# #.#


You could see a bat and a kobold.

Vanquished Creatures
  A giant cockroach (D:1)
  A hobgoblin (D:1)
  4 quokkas (D:1)
  4 ball pythons (D:1)
  2 bats (D:1)
  3 goblins (D:1)
  3 kobolds (D:1)
18 creatures vanquished.

Notes
Turn   | Place    | Note
-------+----------+-------------------------------------------
     0 | D:1      | SensoryNuts the Draconian Fighter began the quest for the
                  | Orb.
     0 | D:1      | Reached XP level 1. HP: 19/19 MP: 1/1
   177 | D:1      | Reached XP level 2. HP: 26/26 MP: 2/2
   183 | D:1      | Found Umafumum's Assorted Antiques.
   590 | D:1      | Succumbed to a kobold's poison

Illustrated notes

Levels and vault maps discovered:
D:1:      denvon_arrival_waterhouse, layout_loops_ring,
          shapermc_ecumenical_altar_starsandcircs, serial_shops,
          nicolae_square_shop, minmay_stone_trees_medium,
          hangedman_decor_opposing, roderic_roman_lattice, minmay_pentomino_z2

Action                   || total
-------------------------++-------
Melee: War axe           ||    38
       Tailslap          ||     2
  Use: Potion            ||     1
 Stab: Sleeping          ||     1
Armor: Skin              ||    18
Dodge: Dodged            ||    39
Block: Buckler           ||    13

Table legend: (Time is in decaauts)
 A = Elapsed time spent in this place.
 B = Non-inter-level travel time spent in this place.
 C = Inter-level travel time spent in this place.
 D = Time resting spent in this place.
 E = Time spent auto-exploring this place.
 F = Levels seen in this place.
 G = Mean time per level.
                   A        B        C        D        E       F      G
               +--------+--------+--------+--------+--------+-----+--------+
         Total |    606 |    606 |      0 |      0 |    499 |   1 |  606.0 |
       Dungeon |    606 |    606 |      0 |      0 |    499 |   1 |  606.0 |
               +--------+--------+--------+--------+--------+-----+--------+

Top non-repeatable levels by time:
     D:1: 606 daAuts
